 Dungeon Crawl Stone Soup version 0.17-a0-1642-gd4b747b (webtiles) character file.

1421 maniek23 the Shield-Bearer (level 8, -12/71 HPs)
             Began as a Minotaur Fighter on Aug 8, 2015.
             Mangled by an orc warrior
             ... wielding a +0 trident
              (13 damage)
             ... on level 7 of the Dungeon.
             The game lasted 00:12:12 (5439 turns).

maniek23 the Shield-Bearer (Minotaur Fighter)       Turns: 5439, Time: 00:12:12

Health: -12/71     AC:  7    Str: 23    XL:     8   Next: 44%
Magic:  8/8        EV:  6    Int:  5    God:
Gold:   299        SH: 10    Dex: 10    Spells: 0 memorised, 7 levels left

rFire  . . .     SeeInvis .     a - +0 war axe
rCold  . . .     Clarity  .     w - +0 chain mail
rNeg   . . .     SustAt   .     c - +0 shield
rPois  .         Gourm    .     (helmet unavailable)
rElec  .         Spirit   .     (no cloak)
rCorr  .         Warding  .     l - +0 pair of gloves
rMut   .         Rnd*Tele +     (no boots)
MR     .....                    (no amulet)
Stlth  ..........               (no ring)
                                j - ring of teleportation (curse)

@: drained, not resistant to hostile enchantments, extremely unstealthy
A: retaliatory headbutt, horns 3, deformed body, low mp 1
a: Evoke Teleportation


You were on level 7 of the Dungeon.
You were not hungry.

You visited 2 branches of the dungeon, and saw 8 of its levels.

You collected 299 gold pieces.

Inventory:

Hand weapons
 a - a +0 war axe (weapon)
 m - a +0 falchion of slicing
Missiles
 q - 24 bolts
 v - a throwing net (quivered)
Armour
 b - a +0 scale mail
 c - a +0 shield (worn)
 l - a +0 pair of gloves (worn)
 w - a +0 chain mail (worn)
 y - a +1 leather armour of fire resistance
Jewellery
 j - a cursed ring of teleportation (left hand)
Scrolls
 f - 4 scrolls of teleportation {unknown}
 h - 2 scrolls of noise {unknown}
 n - 2 scrolls of fog {unknown}
 o - a scroll of enchant armour {unknown}
 r - a scroll of immolation {unknown}
 s - 5 scrolls of remove curse {unknown}
 t - 2 scrolls of blinking {unknown}
 u - a scroll of recharging {unknown}
 x - a scroll of magic mapping {unknown}
 D - a scroll of acquirement {unknown}
Potions
 d - 2 potions of might
 g - 2 potions of curing
 A - a potion of invisibility
 B - a potion of resistance
 C - 2 potions of magic
Books
 E - a book of Maledictions

   Spells                             Type                      Level
   a - Corona                         Hexes                        1
   b - Ensorcelled Hibernation        Hexes/Ice                    2
   c - Confuse                        Hexes                        3
   d - Tukima's Dance                 Hexes                        3
   e - Dazzling Spray                 Conjuration/Hexes            3
Comestibles
 e - 8 bread rations
 k - 3 meat rations
 p - 3 fruits


   Skills:
 * Level 6.8(6.0) Fighting
 * Level 6.4(5.5) Axes
 * Level 6.8(5.9) Armour
 * Level 7.0(6.1) Shields
 + Level 2.9(2.1) Evocations


You had 7 spell levels left.
You didn't know any spells.

Dungeon Overview and Level Annotations

Branches:
Dungeon (7/15)             Temple (1/1) D:4

Altars:
Ashenzari
Cheibriados
Dithmenos
Elyvilon
Fedhas
Gozag
Kikubaaqudgha
Makhleb
Nemelex Xobeh
Qazlal
Ru
Sif Muna
Trog
Vehumet
Xom
Yredelemnul
The Shining One


Innate Abilities, Weirdness & Mutations

You reflexively headbutt those who attack you in melee.
You have a pair of large horns on your head.
Armour fits poorly on your strangely shaped body.
Your magical capacity is low (-10% MP).


Message History

* * * LOW HITPOINT WARNING * * *
You barely miss the orc warrior. Your headbutt misses the orc warrior.
The orc warrior is heavily wounded.
You block the orc warrior's attack.
You slash the orc warrior!
The orc warrior is almost dead.
The orc warrior closely misses you. You furiously retaliate!
You headbutt the orc warrior, but do no damage.
Your shield and chain mail prevent you from hitting the orc warrior.
The orc warrior is almost dead.
The orc warrior hits you with a trident!
* * * LOW HITPOINT WARNING * * *
Unknown command.
You hit the orc warrior but do no damage.
The orc warrior is almost dead.
You block the orc warrior's attack.
You closely miss the orc warrior.
The orc warrior is almost dead.
The orc warrior hits you with a trident!
You die...

...# #..## #...
#... #..# #..#
####.o##
##.##..@##.#..
#...#..........
#..>..#.#..###.
#...#.....##
#...###.#...#
##.## #...#...
#.## #..###..
#.(#....# ..
##)..#.##


You could see an orc warrior.

Vanquished Creatures
  Menkaure (D:4)
  A centaur (D:5)
  2 sky beasts
  A black bear (D:5)
  2 ogres
  2 giant frogs (D:6)
  A crimson imp (D:4)
  A giant frog zombie (D:6)
  3 orc wizards
  A hound (D:4)
  3 orc priests
  An iguana (D:5)
  4 worker ants
  2 worker ant zombies
  Robin (D:4)
  5 adders
  10 gnolls
  An ooze (D:3)
  An adder zombie (D:5)
  2 adder skeletons
  8 worms
  6 giant geckos
  8 orcs
  6 giant cockroaches
  2 gnoll zombies (D:5)
  7 hobgoblins
  7 kobolds
  3 quokkas
  6 bats
  A giant gecko zombie (D:5)
  10 giant newts
  14 goblins
  4 rats
127 creatures vanquished.

Vanquished Creatures (others)
  5 toadstools (D:1)
5 creatures vanquished.

Grand Total: 132 creatures vanquished

Notes
Turn   | Place    | Note
--------------------------------------------------------------
     0 | D:1      | maniek23 the Minotaur Fighter began the quest for the Orb.
     0 | D:1      | Reached XP level 1. HP: 19/19 MP: 0/0
   166 | D:1      | Reached XP level 2. HP: 25/27 MP: 1/1
   207 | D:1      | Reached skill level 4 in Shields
   690 | D:2      | Reached XP level 3. HP: 26/33 MP: 2/2
  1276 | D:3      | Reached XP level 4. HP: 30/40 MP: 3/3
  1350 | D:3      | Found an opulent altar of Gozag.
  1375 | D:3      | Reached skill level 1 in Evocations
  1697 | D:3      | Found a sparkling altar of Nemelex Xobeh.
  1894 | D:3      | Found a white marble altar of Elyvilon.
  1894 | D:3      | Found a snail-covered altar of Cheibriados.
  2204 | D:4      | Reached XP level 5. HP: 29/47 MP: 4/4
  2231 | D:4      | Noticed an ogre
  2238 | D:4      | Killed an ogre
  2359 | D:4      | Reached skill level 5 in Fighting
  2359 | D:4      | Reached skill level 5 in Shields
  2402 | D:4      | Reached skill level 5 in Armour
  2402 | D:4      | Reached XP level 6. HP: 39/56 MP: 6/6
  2527 | D:4      | Found a staircase to the Ecumenical Temple.
  2538 | Temple   | Entered the Ecumenical Temple
  2916 | D:4      | Noticed Menkaure
  2924 | D:4      | Noticed Robin
  2932 | D:4      | Killed Menkaure
  2936 | D:4      | Killed Robin
  3273 | D:4      | Reached XP level 7. HP: 61/61 MP: 7/7
  3345 | D:5      | Entered Level 5 of the Dungeon
  3357 | D:5      | Reached skill level 5 in Axes
  3395 | D:5      | Reached skill level 6 in Fighting
  3432 | D:5      | Gained mutation: Your magical capacity is low (-10% MP). [mutagenic meat]
  3433 | D:5      | Gained mutation: You have a pair of large horns on your head. [mutagenic meat]
  4311 | D:5      | Found a basalt altar of Yredelemnul.
  4632 | D:6      | Reached XP level 8. HP: 66/71 MP: 6/7
  4743 | D:6      | Gained mutation: Armour fits poorly on your strangely shaped body. [mutagenic meat]
  5130 | D:7      | Reached skill level 7 in Shields
  5437 | D:7      | HP: 1/71 [orc warrior/trident (16)]
  5439 | D:7      | Mangled by an orc warrior

Vault maps used:
D:1:      ldierk_walled_garden
D:2:      first_bread, kennysheep_generic_room_10
D:3:      nicolae_overflow_hidden_temple, gammafunk_temple_overflow_wave,
          nemelex_altar_shiori
D:4:      temple_statues, nicolae_zen_rock_garden, uniq_menkaure, uniq_robin
D:5:      lemuel_zombie_altar_yredelemnul
Temple:   nicolae_temple_figure_eight

Action                   |  1- 3 |  4- 6 |  7- 9 || total
-------------------------+-------+-------+-------++-------
Melee: War axe           |    97 |   126 |   144 ||   367
  Use: Potion            |       |     1 |       ||     1
       Scroll            |       |       |     5 ||     5
  Eat: Chunk             |     1 |     3 |     9 ||    13
       Beef jerky        |       |     1 |     1 ||     2
       Pizza             |       |     1 |     1 ||     2
